 Dungeon Crawl Stone Soup version 0.21-a0-531-gacddea6 (webtiles) character file.

20 slep the Chopper (level 2, -7/22 HPs)
             Began as a Demonspawn Gladiator on Dec 14, 2017.
             Engulfed by a cloud of flame (19 damage)
             ... on level 1 of the Dungeon.
             The game lasted 00:03:03 (735 turns).

slep the Chopper (Demonspawn Gladiator)              Turns: 735, Time: 00:03:03

Health: -7/22      AC:  8    Str: 14    XL:     2   Next: 58%
Magic:  2/2        EV: 12    Int:  9    God:
Gold:   18         SH:  0    Dex: 14    Spells: 1/1 levels left

rFire    . . .     SeeInvis .   a - +0 war axe
rCold    . . .     Gourm    .   (no shield)
rNeg     . . .     Faith    .   h - +0 ring mail (curse)
rPois    .         Spirit   .   c - +0 helmet
rElec    .         Reflect  .   (no cloak)
rCorr    .         Harm     .   (no gloves)
MR       .....                  (no boots)
Stlth    +.........             (no amulet)
HPRegen  0.07/turn              (no ring)
MPRegen  0.08/turn              (no ring)

@: no status effects
A: molten scales 1
a: no special abilities


You were on level 1 of the Dungeon.
You were not hungry.

You visited 1 branch of the dungeon, and saw 1 of its levels.

You collected 18 gold pieces.

Inventory:

Hand Weapons
 a - a +0 war axe (weapon)
Missiles
 d - 3 throwing nets (quivered)
Armour
 b - a +0 leather armour
 c - a +0 helmet (worn)
 h - a cursed +0 ring mail (worn)
Scrolls
 e - a scroll of amnesia {unknown}
 j - a scroll of remove curse {unknown}
 l - a scroll of random uselessness {unknown}
 m - a scroll of teleportation {unknown}
Potions
 g - a potion of degeneration {unknown}
 i - a potion of berserk rage {unknown}
 k - 2 potions of resistance {unknown}
Comestibles
 f - 3 bread rations


   Skills:
 + Level 2.3 Fighting
 + Level 3.0 Axes
 + Level 1.9 Throwing
 + Level 0.2 Armour
 + Level 2.9 Dodging


You had one spell level left.
You didn't know any spells.

Dungeon Overview and Level Annotations

Branches:
Dungeon (1/15)

Altars:


Innate Abilities, Weirdness & Mutations

You are partially covered in molten scales. (AC +2)


Message History

You kill the bat!
You see here a bat corpse.
The rat bites you.
You barely miss the rat. The rat barely misses you.
You hit the rat but do no damage. The rat barely misses you.
You hit the rat but do no damage. The rat misses you.
The rat bites you but does no damage.
You barely miss the rat. The rat misses you.
You hit the rat.
You kill the rat!
You see here a rat corpse.
Partly explored, can't reach some places.
There is an open door here.
Really walk into a travel-excluded area?
Really walk into that cloud of flame?
You are engulfed in blazing flames.
Really walk into that cloud of flame?
You are engulfed in blazing flames.
Ouch! That really hurt!
You die...

.#............#...##.............
.........#....#.#.##.............
.........#....').>...............
..........#...#.#................
....#.....#...#..................
....#.....#...#..................
....#.....#####.#...######.......
#####....## #...#### #.......
#....# #§§@# ######## ######
#§§§# ####### #§§§# #.....# #...#
#.###.# ...$. #.# #.. §.?$..§ #.#
### §§...$.§§ #.# ####...###
######.##### #.§§# #...........


There were no monsters in sight!

Vanquished Creatures
  2 leopard geckos (D:1)
  A ball python (D:1)
  3 bats (D:1)
  2 goblins (D:1)
  3 hobgoblins (D:1)
  A frilled lizard (D:1)
  A kobold (D:1)
  4 rats (D:1)
17 creatures vanquished.

Notes
Turn   | Place    | Note
-------+----------+-------------------------------------------
     0 | D:1      | slep the Demonspawn Gladiator began the quest for the Orb.
     0 | D:1      | Reached XP level 1. HP: 16/16 MP: 1/1
   122 | D:1      | Gained mutation: You are partially covered in molten scales. (AC +2) [demonic ancestry]
   122 | D:1      | Reached XP level 2. HP: 13/22 MP: 2/2
   205 | D:1      | Reached skill level 3 in Axes
   735 | D:1      | Engulfed by a cloud of flame

Vault maps used:
D:1:      scummos_arrival_checkerplants, lemuel_flame_loot_1

Skill      XL: |  1  2 |
---------------+-------+-----
Axes           | 3 |  3.0
Fighting       | |  2.3
Throwing       | |  1.9
Armour         | |  0.2
Dodging        | |  2.9

Action                   || total
-------------------------++-------
Melee: War axe           ||    63
 Stab: Sleeping          ||     1
Armor: Leather armour    ||     5
       Ring mail         ||    21
Dodge: Dodged            ||    60

Table legend:
 A = Spawn XP
 B = Non-spawn XP
 C = Spawn XP percentage of total XP
 D = Spawn monster count
 E = Non-spawn monster count
 F = Spawn count percentage of total count
 G = Total turns spent on level
                    A         B        C        D         E        F      G
               +---------+---------+-------+---------+---------+-------+---------
         Total |       0 |      29 |   0.0 |       0 |      17 |   0.0 |   735
               +---------+---------+-------+---------+---------+-------+---------
           D:1 |       0 |      29 |   0.0 |       0 |      17 |   0.0 |   735
               +---------+---------+-------+---------+---------+-------+---------
